 Dungeon Crawl Stone Soup version 0.15-a0-2130-g28e4b74 (webtiles) character file.

7580 Kenran the Basher (level 11, -6/71 HPs)
             Began as a Gargoyle Fighter on July 8, 2014.
             Was a High Priest of Trog.
             Killed by divine providence
             ... invoked by a smoke demon
             ... summoned by a kobold demonologist
              (13 damage)
             ... on Level 11 of the Dungeon on July 17, 2014.
             The game lasted 00:30:47 (12083 turns).

Kenran the Basher (Gargoyle Fighter)               Turns: 12083, Time: 00:30:47

HP  -6/71        AC 30     Str 22      XL: 11   Next: 17%
MP  11/11        EV  7     Int  8      God: Trog [*****.]
Gold 505         SH  9     Dex 11      Spells:  0 memorised, 10 levels left

rFire  . . .     SeeInvis .     t - +2 eveningstar (protect)
rCold  . . .     Clarity  .     K - +4 ring mail
rNeg   + . .     rCorr    .     c - +0 shield
rPois  +         rRot     +     (no helmet)
rElec  +         Spirit   .     g - +1 cloak
SustAb +         Warding  .     H - +2 pair of gloves
rMut   .         Stasis   .     O - +2 pair of boots
Gourm  .                        A - amulet of faith
MR     +....                    I - ring of protection from magic
                                j - ring of sustain abilities

@: very slightly contaminated, somewhat resistant to hostile enchantments, very
unstealthy
A: negative energy resistance 1, electricity resistance, unbreathing,
petrification resistance, rot immunity, AC +7
a: Burn Spellbooks, Berserk, Trog's Hand, Brothers in Arms, Renounce Religion


You were on level 11 of the Dungeon.
You worshipped Trog.
Trog was extremely pleased with you.
You were not hungry.

You visited 2 branches of the dungeon, and saw 12 of its levels.

You collected 505 gold pieces.

Inventory:

Hand weapons
 t - a +2 eveningstar of protection (weapon)
Armour
 c - a +0 shield (worn)
 g - a +1 cloak (worn)
 H - a +2 pair of gloves (worn)
 K - a +4 ring mail (worn)
 O - a +2 pair of boots (worn)
Magical devices
 r - a wand of polymorph (4) {unknown}
 u - a wand of random effects (15) {unknown}
 w - a wand of lightning (0)
 y - a wand of fire (8) {unknown}
 C - a wand of draining (6) {unknown}
 G - a wand of lightning (10)
 J - a wand of cold (12) {unknown}
 M - a wand of disintegration (11) {unknown}
Comestibles
 d - 8 bread rations
 i - 4 meat rations
 N - 5 slices of pizza
Scrolls
 a - 2 scrolls of blinking
 b - 4 scrolls of enchant weapon
 h - 4 scrolls of enchant armour
 k - 3 scrolls of recharging
 o - 2 scrolls of fog
 p - 4 scrolls of identify
 s - 3 scrolls of remove curse
 D - 4 scrolls of teleportation
Jewellery
 j - a ring of sustain abilities (left hand)
 A - an amulet of faith (around neck)
 I - a ring of protection from magic (right hand)
Potions
 e - 2 potions of might
 f - 3 potions of resistance {unknown}
 l - a potion of haste {unknown}
 m - 4 potions of curing {unknown}
 n - 2 potions of cancellation {unknown}
 q - a potion of confusion {unknown}
 v - a potion of heal wounds {unknown}
 B - a potion of restore abilities {unknown}
 E - a potion of flight {unknown}
 F - a potion of beneficial mutation {unknown}
 L - a potion of invisibility {unknown}


   Skills:
 + Level 9.6 Fighting
 - Level 14.3 Maces & Flails
 - Level 3.2 Armour
 - Level 3.2 Shields


You had 10 spell levels left.
You didn't know any spells.

Dungeon Overview and Level Annotations

Branches:
Dungeon (11/15)            Temple (1/1) D:5             Orc (0/4) D:9
   Lair: D:8-11

Altars:
Ashenzari
Cheibriados
Dithmenos
Elyvilon
Fedhas
Gozag
Kikubaaqudgha
Makhleb
Nemelex Xobeh
Okawaru
Qazlal
Sif Muna
Trog
Vehumet
Xom
Yredelemnul
Zin
The Shining One


Innate Abilities, Weirdness & Mutations

You are resistant to torment.
You are immune to poison.
Your stone body is very resilient (AC +7).
You resist negative energy.
You are resistant to electric shocks.
You can survive without breathing.
You are immune to petrification.
You are immune to rotting.


Message History

* * * LOW HITPOINT WARNING * * *
You block the smoke demon's attack.
The smoke demon hits you but does no damage.
You block the smoke demon's attack.
The quasit bites you but does no damage.
The quasit claws you but does no damage. x2
Read which item? (? for menu, Esc to quit)
Blink to where?
Press: ? - help, Dir - move target cursor
As you read the scroll of blinking, it crumbles to dust.
You are very lightly contaminated with residual magic.
You are covered in liquid flames!
* * * LOW HITPOINT WARNING * * *
You are covered in liquid flames!
* * * LOW HITPOINT WARNING * * *
The crimson imp laughs crazily.
The crimson imp blinks!
The smoke demon gestures at you. Something smites you!
You die...

#.........5........
#..................
#....)..3..######.
#.......5K.#
#..........# ...
###......4...#..
#.####............'...
#.................#.
#..........@......#.
#......########...# #
#####......# ......
..........<# ...##
............# ####
........)...#
............#
#####.......#
#.......##### #.#


You could see a kobold demonologist, a smoke demon, a blue devil and a quasit.

Vanquished Creatures
  Pikel (D:5)
  Joseph (D:9)
  Grinder (D:5)
  3 two-headed ogres
  The ghost of KaKa the Poker, an average DsAK of Lugonu (D:4)
  Prince Ribbit (D:4)
  A troll (D:8)
  A deep elf mage (D:11)
  A hungry ghost (D:6)
  3 yaks
  Grum (D:8)
  A hill giant skeleton (D:9)
  2 wolves (D:8)
  2 ice beasts
  2 sky beasts
  A yellow wasp (D:8)
  4 slaves (D:5)
  A phantom (D:7)
  A centaur (D:6)
  4 orc warriors
  8 ogres
  4 giant frogs
  Blork the orc (D:8)
  A cyclops zombie (D:10)
  2 big kobolds
  4 scorpions
  6 killer bees (D:10)
  3 wights (D:8)
  A giant frog zombie (D:9)
  5 crimson imps
  2 hounds
  5 orc priests
  2 goliath beetles (D:7)
  An iron imp (D:11)
  Crazy Yiuf (D:5)
  A jelly (D:6)
  6 orc wizards
  A quasit (D:10)
  2 iguanas
  An elf skeleton (D:10)
  3 worker ants
  A sky beast zombie (D:7)
  A hound skeleton (D:5)
  9 gnolls
  12 adders
  An orc zombie (D:6)
  2 giant mites
  5 worms
  An adder skeleton (D:8)
  3 giant geckos
  4 oozes
  39 orcs
  A ball python (D:4)
  16 bats
  4 giant cockroaches
  9 goblins
  12 hobgoblins
  6 jackals
  6 quokkas
  5 giant newts
  24 kobolds
  A kobold skeleton (D:4)
  A kobold zombie (D:8)
  42 rats
  A rat skeleton (D:3)
  A spectral orc (D:9)
300 creatures vanquished.

Notes
Turn   | Place    | Note
--------------------------------------------------------------
     0 | D:1      | Kenran, the Gargoyle Fighter, began the quest for the Orb.
     0 | D:1      | Reached XP level 1. HP: 14/14 MP: 1/1
    58 | D:1      | Reached XP level 2. HP: 19/19 MP: 2/2
   321 | D:1      | You fall through a shaft!
   382 | D:2      | Reached XP level 3. HP: 23/23 MP: 3/3
   822 | D:1      | Reached skill level 4 in Maces & Flails
   822 | D:1      | Reached XP level 4. HP: 10/28 MP: 4/4
  1958 | D:3      | Reached skill level 5 in Maces & Flails
  1958 | D:3      | Reached XP level 5. HP: 21/32 MP: 5/5
  2213 | D:3      | Reached skill level 6 in Maces & Flails
  2393 | D:3      | Reached XP level 6. HP: 37/37 MP: 6/6
  2974 | D:3      | Upgraded the game from 0.15-a0-1936-gbed3715 to 0.15-a0-2130-g28e4b74
  3401 | D:4      | Noticed Prince Ribbit
  3420 | D:4      | Killed Prince Ribbit
  3420 | D:4      | Reached skill level 7 in Maces & Flails
  3420 | D:4      | Reached XP level 7. HP: 16/41 MP: 7/7
  3973 | D:4      | Reached skill level 8 in Maces & Flails
  4611 | D:4      | Noticed KaKa's ghost (average DsAK)
  4623 | D:4      | Killed KaKa's ghost
  4623 | D:4      | Reached skill level 9 in Maces & Flails
  4623 | D:4      | Reached XP level 8. HP: 38/46 MP: 8/8
  4813 | D:5      | Entered Level 5 of the Dungeon
  4828 | D:5      | Noticed Grinder
  4847 | D:5      | Killed Grinder
  4847 | D:5      | Reached skill level 10 in Maces & Flails
  4888 | D:5      | Noticed Crazy Yiuf
  4895 | D:5      | Killed Crazy Yiuf
  5004 | D:5      | Found a blossoming altar of Fedhas.
  5152 | D:5      | Noticed Pikel
  5163 | D:5      | Killed Pikel
  5163 | D:5      | Reached skill level 11 in Maces & Flails
  5163 | D:5      | Reached XP level 9. HP: 33/51 MP: 9/9
  5546 | D:5      | Found a staircase to the Ecumenical Temple.
  5566 | D:5      | Found a sparkling altar of Nemelex Xobeh.
  6288 | Temple   | Entered the Ecumenical Temple
  6524 | D:6      | Noticed a moth of wrath
  6525 | D:6      | Found a bloodstained altar of Trog.
  6546 | D:6      | Reached skill level 12 in Maces & Flails
  6593 | D:6      | Became a worshipper of Trog the Wrathful
  7174 | D:7      | Acquired Trog's first power
  8134 | D:7      | Found a snail-covered altar of Cheibriados.
  8628 | D:8      | Found a basalt altar of Yredelemnul.
  8628 | D:8      | Noticed Blork the orc
  8638 | D:8      | Killed Blork the orc
  8638 | D:8      | Reached skill level 13 in Maces & Flails
  8875 | D:8      | Acquired Trog's second power
  8949 | D:8      | Reached XP level 10. HP: 56/56 MP: 10/10
  9044 | D:8      | Found a deep blue altar of Sif Muna.
  9046 | D:8      | Found an iron altar of Okawaru.
  9171 | D:8      | Noticed Grum
  9187 | D:8      | Killed Grum
  9396 | D:8      | Reached skill level 14 in Maces & Flails
 10208 | D:8      | Reached skill level 5 in Fighting
 10316 | D:9      | Found a staircase to the Orcish Mines.
 10414 | D:9      | Noticed Joseph
 10438 | D:9      | Killed Joseph
 10454 | D:9      | Acquired Trog's third power
 10697 | D:9      | Found a basalt altar of Yredelemnul.
 10825 | D:10     | Entered Level 10 of the Dungeon
 11093 | D:10     | Reached XP level 11. HP: 63/68 MP: 11/11
 11334 | D:10     | Received a gift from Trog
 12083 | D:11     | Killed from afar by a smoke demon

Action                   |  1- 3 |  4- 6 |  7- 9 | 10-12 || total
-------------------------+-------+-------+-------+-------++-------
Melee: Flail             |    67 |   274 |   149 |       ||   490
       Whip              |       |       |   448 |   507 ||   955
       Eveningstar       |       |       |       |    17 ||    17
Invok: Berserk           |       |       |     2 |     2 ||     4
  Use: Scroll            |       |     8 |     2 |     3 ||    13
  Eat: Fruit             |       |     2 |    15 |       ||    17
       Chunk             |       |     3 |     4 |       ||     7
       Beef jerky        |       |     2 |       |     3 ||     5
       Pizza             |       |     1 |       |     4 ||     5
       Meat ration       |       |       |     1 |       ||     1
